Workbook

Sheet SMMLV
A1: AÑO | B1: SMMLV
A2: 2007 | B2: 433700
A3: 2008 | B3: 461500
A4: 2009 | B4: 496900
A5: 2010 | B5: 515000
A6: 2011 | B6: 535600
A7: 2012 | B7: 566700
A8: 2013 | B8: 589500
A9: 2014 | B9: 616000
A10: 2015 | B10: 644350
A11: 2016 | B11: 689454
A12: 2017 | B12: 737717
A13: 2018 | B13: 781242
... A21: 2026 | B21: 1750905

Sheet HP1
A1: VERIFICACIÓN DE REQUISITOS HABILITANTES | L1: LP-SEG-03746-2025
A2: MEJORAMIENTO Y FORTALECIMIENTO INTEGRAL DEL ÁREA DE ALMACÉN DE LA GOBERNACIÓN DE NORTE DE SANTANDER
A3: =+A7 -> PROPONENTE 1 | H3: =+A8 -> CONSORCIO CONSTRUCTORES UNIDOS 148
A5: San José de Cúcuta, 23 de febrero de 2026
A7: PROPONENTE 1 | M7: REPRESENTANTE LEGAL
A8: CONSORCIO CONSTRUCTORES UNIDOS 148 | M8: VIVIANA OSORIO JARAMILLO C.C. 1.090.406.524 de Cúcuta
A10: INTEGRANTES | M10: NIT. | R10: PARTICIPACIÓN
A11: IDC OBRAS CIVILES S.A.S | M11: 901386951-4 | R11: 0.95
A12: COTES Y COTES SAS | M12: 900336724-1 | R12: 0.05
A14: INFORMACION GENERAL
A16: FECHA DE CIERRE DEL PPRESENTE PROCESO | Q16: 16 DE FEBRERO DE 2026
A17: PLAZO DE EJECUCIÓN | Q17: 7 MESES
A19: 100% PTO OFICIAL | H19: 3362026089 | L19: SMMLV 2026 | S19: =+H19/SMMLV!B21 -> 1920.1648 | W19: 3361110528
A21: IX. JUSTIFICACIÓN DE LOS FACTORES DE SELECCIÓN QUE PERMITAN IDENTIFICAR LA OFERTA MÁS FAVORABLE:
A23: 9.1. Criterios Técnicos Habilitantes Documentos y Requisitos de Contenido Mínimo Técnico.
A25: A. Experiencia
A27: Para acreditar esta experiencia, cada proponente deberá presentar la relación de contratos ya ejecutados de la siguiente manera: UN (01) contrato terminado en el que el ejecutor demuestre con certificación y/o acta de liquidación, expedida por entidad pública o privada que ha ejecutado actividades de obra, y cuya sumatoria sea igual o superior al cien por ciento (100%) del presupuesto oficial estimado para el presente proceso de contratación.
A29: El proponente deberá indicar el consecutivo del contrato que presenta como experiencia resaltando en su RUP con color fluorescente cada uno de los códigos a acreditar, que deberán corresponder a los señalados en la siguiente tabla:
A31: Códigos estándar de productos y servicios de Naciones Unidas
A32: CODIGO UNSPSC | H32: DESCRIPCION
A33: 72103300 | H33: Servicios de mantenimiento y reparación de infraestructura
A34: 72121400 | H34: Servicios de construcción de edificios públicos especializados
A35: 72101500 | H35: Servicios de apoyo para la construcción
A37: VERIFICACIÓN CONTRATOS EN OBRAS CIVILES
A39: El oferente presenta los siguientes contratos para acreditar la experiencia general:
A41: PROPONENTE | D41: OBJETO | H41: VALOR | K41: CONTRATO No. | N41: CONTRATANTE | Q41: PARTICIP. | S41: CONSECUTIVO RUP | U41: VP CONTRATO ACTUALIZADO SMMLV
K42: No. | L42: AÑO DE TERMINACIÓN
A43: COTES Y COTES SAS Aporta: Certificación en la que describe la ejecución de un contrato de obra | D43: DISEÑOS, DEMOLICION, REFORZAMIENTO ESTRUCTURAL, AMPLIACION Y CONSTRUCCION DE EDIFICACION COMERCIAL DE AUTORIENTAL SAS | H43: 2752786644 | K43: 001 DE 2019 ACTA INICIO 08AGO2019 TERMINACION 20NOV2020 | L43: 2020 | N43: AUTO ORIENTAL S.A.S | Q43: 1 | S43: CONSEC. 7 RUP COTES FOLIO RUP 28 CODIGO 721033 721214 721015 | U43: =+H43*Q43/((VLOOKUP(L43,SMMLV!A:B,2,FALSE))) -> 3135.9959
A44: VALOR DEL CONTRATO EJECUTADO ACREDITADO (SMMLV) | U44: =+U43 -> 3135.9959
A46: VALOR EJECUTADO, MAYOR O IGUAL AL 100% P.O. (según numeral 9.1) | S46: 3.136,00 > | U46: =+S19 -> 1920.1648
A48: Para la experiencia requerida en el numeral 9.1 del capitulo IX. JUSTIFICACIÓN DE LOS FACTORES DE SELECCIÓN QUE PERMITAN IDENTIFICAR LA OFERTA MÁS FAVORABLE, el proponente presentó un (1) contrato: No. 001 DE 2019, aportando certificación expedida el 16 de diciembre de 2020. El contrato está terminado, ejecutado con entidad privada, esta registrado en el RUP y clasificado con los códigos 721033, 721214, 721015, el valor del contrato es superior al 100% del presupuesto oficial. Por tanto, una vez vertificados los documentos, el oferente CUMPLE con la totalidad de los requisitos establecidos en el pliego de condiciones para la experiencia.
A50: C5. Capacidad Residual
A52: El Proponente debe acreditar una capacidad residual o K de Contratación igual o superior a: | Q52: =+H19 -> 3362026089
A54: Para su cálculo, el evaluador se basó en la siguiente información, de acuerdo a lo aportado por el oferente:
A56: INTEGRANTE | J56: =+A11 -> IDC OBRAS CIVILES S.A.S
A57: 1. SCE. LISTA DE CONTRATOS EN EJECUCIÓN. | J57: ADJUNTA FORMATO. Relaciona 9 contratos. Se solicita subsanar: Indicar la fecha de suspensión de los contratos que relaciona con SI suspendidos, y aclarar si los contratos que relacionado como sin contrato solo tienen adjudicación o si a cierre del proceso ya se encontraban celebrados.
A58: 2. CAPACIDAD DE ORGANIZACIÓN. ESTADO DE RESULTADOS Y BALANCE GENERAL DEL MEJOR INGRESO OPERACIONAL DE LOS ULTIMOS 5 AÑOS. | J58: ADJUNTA FORMATO en el que reporta el Mayor ingreso operacional por valor $38.603.842.625, no adjunta estado de resultados ni balance general. Se solicita subsanar: Allegar estado de resultados auditado que contenga el mejor ingreso operacional de los últimos cinco (5) años, el balance general auditado del último año, los cuales deben estar suscritos por el representante legal y el revisor fiscal, documentos del revisor fiscal. (cc, tp, certificado junta de contadores vigente).
A59: 3. EXPERIENCIA. VALOR TOTAL DE LOS CONTRATOS INSCRITOS EN EL RUP EN EL SEGMENTO 72. | J59: ADJUNTA FORMATO, sin embargo los valores relacionados no coinciden con los reportados en el RUP. Se solicita subsanar: Diligenciar el formato de forma correcta de los contratos ejecutados e inscritos en el RUP con el Segmento 72, indicando consecutivo según RUP, SMMLV, % participación, valor ejecutado actualizado a 2026
A60: 4. CAPACIDAD TÉCNICA. FORMATO EN EL QUE INDIQUE NUMERO DE SOCIOS O PROFESIONALES DE ARQUITECTURA, INGENIERÍA Y GEOLOGÍA VINCULADOS. | J60: ADJUNTA FORMATO CAPACIDAD TÉCNICA Relacionando Profesionales vinculados: 2
A61: 5. CAPACIDAD FINANCIERA. INDICE DE LIQUIDEZ. | J61: 3.05
A63: INTEGRANTE | J63: =+A12 -> COTES Y COTES SAS
A64: 1. SCE. LISTA DE CONTRATOS EN EJECUCIÓN. | J64: ADJUNTA FORMATO. Relaciona 4 contratos.
A65: 2. CAPACIDAD DE ORGANIZACIÓN. ESTADO DE RESULTADOS Y BALANCE GENERAL DEL MEJOR INGRESO OPERACIONAL DE LOS ULTIMOS 5 AÑOS. | J65: ADJUNTA FORMATO en el que reporta el Mayor ingreso operacional por valor $1.903.349.758,00 del año 2024. Se solicita subsanar: Allegar estado de resultados auditado que contenga el mejor ingreso operacional de los últimos cinco (5) años, el balance general auditado del último año, los cuales deben estar suscritos por el representante legal y el revisor fiscal, documentos del revisor fiscal. (cedula, tarjeta profesional, certificado vigente).
A66: 3. EXPERIENCIA. VALOR TOTAL DE LOS CONTRATOS INSCRITOS EN EL RUP EN EL SEGMENTO 72. | J66: ADJUNTA FORMATO, sin embargo los valores relacionados no coinciden con los reportados en el RUP. Se solicita subsanar: Diligenciar el formato de forma correcta de los contratos ejecutados e inscritos en el RUP con el Segmento 72, indicando consecutivo según RUP, SMMLV, % participación, valor ejecutado actualizado a 2026
A67: 4. CAPACIDAD TÉCNICA. FORMATO EN EL QUE INDIQUE NUMERO DE SOCIOS O PROFESIONALES DE ARQUITECTURA, INGENIERÍA Y GEOLOGÍA VINCULADOS. | J67: ADJUNTA FORMATO CAPACIDAD TÉCNICA Relacionando Profesionales vinculados: 4, sin embargo no se refleja vigencia que vincule a los profesionales en la empresa. Por tanto, se solicita aclarar si los profesionales relacionados se encuentran a la fecha de cierre vinculados a la empresa.
A68: 5. CAPACIDAD FINANCIERA. INDICE DE LIQUIDEZ. | J68: 1.58
A70: De acuerdo a la información aportada se solicita al oferente subsanar los documentos señalados con el fin de poder dar uso a la aplicación para establecer la capacidad residual según Colombia Compra Eficiente. Por tanto, una vez vertificados los documentos, el oferente NO CUMPLE con la totalidad de los requisitos establecidos en el pliego de condiciones para el cálculo de la capacidad residual.
A72: VERIFICACIÓN
A76: D. Condiciones técnicas mínimas
A78: D1 Personal Profesional Mínimo Requerido
A80: Cada uno de los proponentes deberá adjuntar un documento debidamente firmado en original, en el cual manifiesta que suministrará el siguiente personal para el cumplimiento de las obligaciones, de la ejecución del objeto y del alcance del objeto contractual, con dicho documento adjuntará las hojas de vida correspondientes de acuerdo a cada uno de los perfiles descritos.
A82: El oferente presentó soportes para el siguiente equipo de trabajo minimo requerido, sin embargo debe allegar documento suscrito en el que manifieste que suministrará el personal relacionado para el cumplimiento de las obligaciones, de la ejecución del objeto y del alcance del objeto contractual.
A84: CARGO A DESEMPEÑAR | J84: POSTULADO | L84: PROFESIONAL | T84: VERIFICACIÓN
J85: SI | K85: NO
A86: Director de obra | J86: X | L86: Viviana Osorio Jaramillo | T86: Debe Subsanar
A87: Residente de obra | J87: X | L87: Heber Alexander Lindarte Moncada | T87: CUMPLE
A88: Coordinador SST y plan de manejo ambiental | J88: X | L88: Elkin Andrés Galvis Sánchez | T88: CUMPLE
A89: Almacenista | J89: X | L89: Jesus Ivan Aparicio Rubio
A91: INFORMACIÓN APORTADA POR EL OFERENTE:
A93: POSTULADO A: | C93: =+A86 -> Director de obra | F93: PROFESIONAL PRESENTADO | K93: =+L86 -> Viviana Osorio Jaramillo | O93: VERIFICACIÓN | U93: NO CUMPLE
A94: Formación Académica: | F94: Ingeniería civil (Especialista en gerencia de proyectos) | K94: INGENIERO CIVIL y ESP. EN GERENCIA DE PROYECTOS | O94: DIPLOMA DE ING. CIVIL DIPLOMA DE ESPECIALISTA | U94: CUMPLE
A95: Experiencia General: | F95: No menor a diez (10) años contados entre la fecha de expedición de la matrícula profesional y la fecha de cierre del plazo del presente proceso de selección. | K95: INGENIERO CIVIL DESDE 20 FEBRERO 2014 EXPERIENCIA 11 AÑOS Y 11 MESES | O95: DIPLOMA DE ING. CIVIL CERTIFICADO COPNIA | U95: CUMPLE | W95: =2025-2014 -> 11
A96: Experiencia Específica: | F96: Siete (07) años de experiencia ejerciendo como DIRECTORA de proyectos de obra. | K96: CERTIFICACIONES EN LAS QUE ACREDITA EXPERIENCIA COMO DIRECTORA DE OBRA | O96: DE ACUERDO A CERTIFICACIONES APORTADAS ACREDITA 5 AÑOS Y 8 MESES | U96: NO CUMPLE | W96: RESIDENTE XXXX 06JUN2020-09FEB2026 SUPERVISORA XXXXX | X96: =5*12 -> 60 | Y96: 7M
A97: % DE DEDICACIÓN | F97: 0.5 | K97: APORTA CARTA DE COMPROMISO | O97: Manifiesta compromiso como DIRECTOR DE OBRA en la disponibilidad establecida | U97: CUMPLE
A98: DOCUMENTOS ANEXOS: | F98: HOJA DE VIDA | K98: APORTA HOJA DE VIDA | U98: CUMPLE
F99: TITULO PROFESIONAL | K99: APORTA DIPLOMA COMO ING. CIVIL | U99: CUMPLE
F100: TITULO ESPECIALISTA | K100: APORTA DIPLOMA COMO ESP GERENCIA DE PROYECTOS | U100: CUMPLE
F101: CERTIFICADO COPNIA | K101: APORTA CERTIFICADO COPNIA | U101: CUMPLE
F102: TARJETA PROFESIONAL | K102: APORTA TARJETA PROFESIONAL | U102: CUMPLE
F103: CARTA DE COMPROMISO | K103: APORTA CARTA DE COMPROMISO | U103: CUMPLE
F104: CERTIFICACIONES | K104: APORTA CERTIFICACIONES QUE SOLO SUMAN 5 AÑOS Y 7 MESES DE EXPERIENCIA COMO DIRECTORA OBRA | U104: NO CUMPLE
F105: ANTECEDENTES | K105: APORTA CERTIFICACIONES DE ANTECEDENTES | U105: CUMPLE
A107: POSTULADO A: | C107: =+A87 -> Residente de obra | F107: PROFESIONAL PRESENTADO | K107: =+L87 -> Heber Alexander Lindarte Moncada | O107: VERIFICACIÓN | U107: CUMPLE
A108: Formación Académica: | F108: Ingeniería civil (Especialista en gerencia de proyectos) | K108: INGENIERO CIVIL y ESP. EN GERENCIA DE PROYECTOS | O108: DIPLOMA DE ING. CIVIL DIPLOMA DE ESPECIALISTA | U108: CUMPLE
A109: Experiencia General: | F109: No menor a diez (10) años contados entre la fecha de expedición de la matrícula profesional y la fecha de cierre del plazo del presente proceso de selección. | K109: INGENIERO CIVIL DESDE 20 DICIEMBRE 2007 EXPERIENCIA 18 AÑOS Y 1 MES | O109: DIPLOMA DE ING. CIVIL CERTIFICADO COPNIA | U109: CUMPLE | W109: =2025-2007 -> 18
A110: Experiencia Específica: | F110: Cuatro (04) años de experiencia ejerciendo como RESIDENTE de proyectos de obra. | K110: CERTIFICACIONES EN LAS QUE ACREDITA EXPERIENCIA COMO RESIDENTE DE OBRA | O110: DE ACUERDO A CERTIFICACIONES APORTADAS ACREDITA 4 AÑOS Y 11 MESES | U110: CUMPLE
A111: % DE DEDICACIÓN | F111: 1 | K111: APORTA CARTA DE COMPROMISO | O111: Manifiesta compromiso como RESIDENTE DE OBRA en la disponibilidad establecida | U111: CUMPLE
A112: DOCUMENTOS ANEXOS: | F112: HOJA DE VIDA | K112: APORTA HOJA DE VIDA | U112: CUMPLE
F113: TITULO PROFESIONAL | K113: APORTA DIPLOMA COMO ING. CIVIL | U113: CUMPLE
F114: TITULO ESPECIALISTA | K114: APORTA DIPLOMA COMO ESP GERENCIA DE PROYECTOS | U114: CUMPLE
F115: CERTIFICADO COPNIA | K115: APORTA CERTIFICADO COPNIA | U115: CUMPLE
F116: TARJETA PROFESIONAL | K116: APORTA TARJETA PROFESIONAL | U116: CUMPLE
F117: CARTA DE COMPROMISO | K117: APORTA CARTA DE COMPROMISO | U117: CUMPLE
F118: CERTIFICACIONES | K118: APORTA CERTIFICACIONES QUE SUMAN 4 AÑOS Y 11 MESES DE EXPERIENCIA COMO RESIDENTE OBRA | U118: CUMPLE
F119: ANTECEDENTES | K119: APORTA CERTIFICACIONES DE ANTECEDENTES | U119: CUMPLE
A121: POSTULADO A: | C121: Coordinador SST | F121: PROFESIONAL PRESENTADO | K121: =+K113 -> APORTA DIPLOMA COMO ING. CIVIL | O121: VERIFICACIÓN | U121: CUMPLE
A122: Formación Académica: | F122: Ingeniero ambiental (Especialista en gestión de la seguridad y salud en el trabajo) | K122: INGENIERO AMBIENTAL y ESP. EN GESTION DE LA SST | O122: DIPLOMA DE ING. AMBIENTAL DIPLOMA DE ESPECIALISTA | U122: CUMPLE
A123: Experiencia General: | F123: No menor de cinco (5) años contados entre la fecha de expedición de la matrícula profesional y la fecha de cierre del plazo del presente proceso de selección. | K123: INGENIERO CIVIL DESDE 08 JULIO 2016 EXPERIENCIA 9 AÑOS Y 7 MESES | O123: DIPLOMA DE ING. AMBIENTAL CERTIFICADO COPNIA | U123: CUMPLE | W123: =2025-2016 -> 9
A124: Experiencia Específica: | F124: Tres (03) años ejerciendo como Coordinador de Seguridad y salud en el trabajo y plan de manejo ambiental. | K124: CERTIFICACIONES EN LAS QUE ACREDITA EXPERIENCIA COMO COORDINADOR SST Y AMBIENTAL | O124: DE ACUERDO A CERTIFICACIONES APORTADAS ACREDITA 3 AÑOS Y 7 MESES | U124: CUMPLE
A125: % DE DEDICACIÓN | F125: 1 | K125: APORTA CARTA DE COMPROMISO | O125: Manifiesta compromiso como CSST en la disponibilidad establecida | U125: CUMPLE
A126: DOCUMENTOS ANEXOS: | F126: HOJA DE VIDA | K126: APORTA HOJA DE VIDA | U126: CUMPLE
F127: TITULO PROFESIONAL | K127: APORTA DIPLOMA COMO ING. AMBIENTAL | U127: CUMPLE
F128: TITULO ESPECIALISTA | K128: APORTA DIPLOMA COMO ESP. EN GESTION DE LA SST | U128: CUMPLE
F129: CERTIFICADO COPNIA | K129: APORTA CERTIFICADO COPNIA | U129: CUMPLE
F130: TARJETA PROFESIONAL | K130: APORTA TARJETA PROFESIONAL | U130: CUMPLE
F131: CARTA DE COMPROMISO | K131: APORTA CARTA DE COMPROMISO | U131: CUMPLE
F132: CERTIFICACIONES | K132: APORTA CERTIFICACIONES QUE SUMAN 3 AÑOS Y 7 MESES DE EXPERIENCIA COMO COORDINADOR SST Y AMBIENTAL | U132: CUMPLE
F133: ANTECEDENTES | K133: APORTA CERTIFICACIONES DE ANTECEDENTES | U133: CUMPLE
A135: POSTULADO A: | C135: =+A89 -> Almacenista | F135: PROFESIONAL PRESENTADO | K135: =+L89 -> Jesus Ivan Aparicio Rubio | O135: VERIFICACIÓN | U135: CUMPLE
A136: Formación Académica: | F136: Tecnologo en obras civiles | K136: INGENIERO CIVIL | O136: DIPLOMA DE TEC. OBRAS | U136: CUMPLE
...

Sheet rev 72 p1
E1: 1750905
A2: COTES
A3: 1 | B3: 524.34 | C3: 1 | D3: =+B3*C3 -> 524.34 | E3: =+$E$1*D3 -> 9.1806953e+08
A4: 2 | B4: 61.69 | C4: 1 | D4: =+B4*C4 -> 61.69 | E4: =+$E$1*D4 -> 1.0801333e+08
A5: 3 | B5: 74.8 | C5: 1 | D5: =+B5*C5 -> 74.8 | E5: =+$E$1*D5 -> 130967694
A6: 4 | B6: 4160.9 | C6: 0.25 | D6: =+B6*C6 -> 1040.225 | E6: =+$E$1*D6 -> 1.8213352e+09
A7: 5 | B7: 2986.67 | C7: 0.3 | D7: =+B7*C7 -> 896.001 | E7: =+$E$1*D7 -> 1.5688126e+09
A8: 6 | B8: 943.22 | C8: 0.7 | D8: =+B8*C8 -> 660.254 | E8: =+$E$1*D8 -> 1.156042e+09
A9: 7 | B9: 3029.94 | C9: 1 | D9: =+B9*C9 -> 3029.94 | E9: =+$E$1*D9 -> 5.3051371e+09
A10: 8 | B10: 2897.39 | C10: 1 | D10: =+B10*C10 -> 2897.39 | E10: =+$E$1*D10 -> 5.0730546e+09
A11: 9 | B11: 2604.41 | C11: 1 | D11: =+B11*C11 -> 2604.41 | E11: =+$E$1*D11 -> 4.5600745e+09
A12: 10 | B12: 630.95 | C12: 0.7 | D12: =+B12*C12 -> 441.665 | E12: =+$E$1*D12 -> 7.7331346e+08
A13: 11 | B13: 4394.51 | C13: 0.4 | D13: =+B13*C13 -> 1757.804 | E13: =+$E$1*D13 -> 3.0777478e+09
A14: 12 | B14: 12649.97 | C14: 0.28 | D14: =+B14*C14 -> 3541.9916 | E14: =+$E$1*D14 -> 6.2016908e+09
... A16: 14 | B16: 25110.54 | C16: 1 | D16: =+B16*C16 -> 25110.54 | E16: =+$E$1*D16 -> 4.396617e+10
E17: =SUM(E3:E16) -> 7.5649237e+10
A19: IDC
A20: 1 | B20: 44.23 | C20: 1 | D20: =+B20*C20 -> 44.23 | E20: =+$E$1*D20 -> 77442528
A21: 2 | B21: 15.72 | C21: 1 | D21: =+B21*C21 -> 15.72 | E21: =+$E$1*D21 -> 27524227
A22: 3 | B22: 43.51 | C22: 1 | D22: =+B22*C22 -> 43.51 | E22: =+$E$1*D22 -> 76181877
A23: 4 | B23: 0.01 | C23: 1 | D23: =+B23*C23 -> 0.01 | E23: =+$E$1*D23 -> 17509.05
A24: 5 | B24: 74.79 | C24: 1 | D24: =+B24*C24 -> 74.79 | E24: =+$E$1*D24 -> 1.3095018e+08
A25: 6 | B25: 14.76 | C25: 1 | D25: =+B25*C25 -> 14.76 | E25: =+$E$1*D25 -> 25843358
A26: 7 | B26: 385.24 | C26: 1 | D26: =+B26*C26 -> 385.24 | E26: =+$E$1*D26 -> 6.7451864e+08
A27: 8 | B27: 43.51 | C27: 1 | D27: =+B27*C27 -> 43.51 | E27: =+$E$1*D27 -> 76181877
A28: 9 | B28: 23.04 | C28: 1 | D28: =+B28*C28 -> 23.04 | E28: =+$E$1*D28 -> 40340851
A29: 10 | B29: 86.75 | C29: 1 | D29: =+B29*C29 -> 86.75 | E29: =+$E$1*D29 -> 1.5189101e+08
A30: 11 | B30: 19.73 | C30: 1 | D30: =+B30*C30 -> 19.73 | E30: =+$E$1*D30 -> 34545356
A31: 12 | B31: 12.22 | C31: 1 | D31: =+B31*C31 -> 12.22 | E31: =+$E$1*D31 -> 21396059
... A71: 64 | B71: 1.49 | C71: 1 | D71: =+B71*C71 -> 1.49 | E71: =+$E$1*D71 -> 2608848.5
E72: =SUM(E20:E71) -> 9.346077e+09

Sheet EP1
A1: EVALUACIÓN TÉCNICA | I1: =+'HP1'!L1 -> LP-SEG-03746-2025
A2: =+'HP1'!A2 -> MEJORAMIENTO Y FORTALECIMIENTO INTEGRAL DEL ÁREA DE ALMACÉN DE LA GOBERNACIÓN DE NORTE DE SANTANDER
A3: =+'HP1'!A7 -> PROPONENTE 1 | G3: =+'HP1'!A8 -> CONSORCIO CONSTRUCTORES UNIDOS 148
A5: San José de Cúcuta, xx de xxxxx de 2026
A7: Se procede a evaluar la oferta del proponente ya que acreditó los requisitos habilitantes requeridos en el pliego de condiciones. Por tanto, se verifica los documentos a los que se les asigna puntaje diferentes a la oferta económica como sigue a continuación:
A9: 6. EVALUACIÓN DE LA OFERTA
A11: En la evaluación de las ofertas, la Secretaría General del Departamento Norte de Santander realizará ponderación del factor económico y el técnico de acuerdo con los porcentajes indicados en la Tabla Puntajes por criterios de evaluación:
C13: FACTOR DE EVALUACIÓN | O13: PUNTAJE PLIEGO DE CONDICIONES
C14: ECONÓMICO | O14: 39
C15: CALIDAD – Desempeño del contratista en contratos anteriores | O15: =+M16+M17+M18 -> 49.75
C16: 1. CERTIFICACIONES DE CALIDAD OBTENIDA EN OTROS PROYECTOS DE OBRA SIMILARES CARACTERISTICAS | M16: 30
C17: 2. FACTOR CUMPLIMIENTO CONTRATOS ANTERIORES | M17: 5
C18: 3.CERTIFICACION DE CONTRATOS TERMINADOS OPORTUNAMENTE ADICIONALES | M18: 14.75
C19: APOYO A LA INDUSTRIA NACIONAL | O19: 10
C20: EMPRENDIMIENTO Y EMPRESAS DE MUJERES | O20: 0.25
C21: PUNTAJE ADICIONAL PARA PROPONENTES CON TRABAJADORES CON DISCAPACIDAD (DECRETO 392 DE 2018) | O21: 1
C22: TOTAL | O22: =SUM(O14:O21) -> 100
A24: A. FACTOR ECONOMICO (39 PUNTOS)
J26: VALOR | N26: PUNTAJE PLIEGO | R26: PUNTAJE ASIGNADO
A27: PRESUPUESTO OFICIAL | J27: =+#REF! -> #REF! | N27: =+O14 -> 39 | W27: 400039226
A28: =+#REF! -> #REF! | J28: =+R50 -> 0
B30: METODOS DE EVALUACIÓN DE LA OFERTA ECONÓMICA | K30: ASIGNACIÓN DE MÉTODO DE EVALUACIÓN SEGÚN TRM
B31: MEDIA ARITMÉTICA | K31: El método debe ser escogido de acuerdo a los rangos establecidos en la tabla que se presenta a continuación.
B32: MEDIA ARITMÉTICA ALTA
B33: MEDIA GEOMETRICA CON PRESUPUESTO OFICIAL | K33: RANGO (INCLUSIVE) | O33: NUMERO | Q33: MÉTODO | W33: cierre 15julio2025
B34: MENOR VALOR | K34: DE 0.00 A 0.24 | O34: 1 | Q34: =+B31 -> MEDIA ARITMÉTICA
B35: PARA LA DETERMINACIÓN DEL MÉTODO SE TOMARÁN LOS PRIMEROS DOS DECIMALES DE LA TRM A LA FECHA DE ADJUDUCACION DEL PRESENTE PROCESO | K35: DE 0.25 A 0.49 | O35: 2 | Q35: =+B32 -> MEDIA ARITMÉTICA ALTA
K36: DE 0.50 A 0.74 | O36: 3 | Q36: =+B33 -> MEDIA GEOMETRICA CON PRESUPUESTO OFICIAL
K37: DE 0.75 A 0.99 | O37: 4 | Q37: =+B34 -> MENOR VALOR
A39: ITEM | B39: DESCRIPCION | K39: UND | M39: CANTIDAD | O39: VR. UNITARIO | R39: VR. PARCIAL
R42: =ROUND((M42*O42),0) -> 0
R43: =ROUND((M43*O43),0) -> 0
R44: =ROUND((M44*O44),0) -> 0
A45: COSTO DIRECTO | R45: =SUM(R41:R44) -> 0 | W45: =+'[1]UT CASA ARTESANOS '!$H$105 -> 660398961
A46: =+[2]OFERTA!A32 -> ADMINISTRACIÓN | R46: =ROUND((O46*$R$45),0) -> 0
A47: =+[2]OFERTA!A33 -> IMPREVISTOS | R47: =ROUND((O47*$R$45),0) -> 0
A48: =+[2]OFERTA!A34 -> UTILIDAD | R48: =ROUND((O48*$R$45),0) -> 0
A49: COSTO INDIRECTO | R49: =SUM(R46:R48) -> 0
A50: =+[2]OFERTA!A35 -> VALOR TOTAL OBRA | R50: =+R49+R45 -> 0
A54: B. FACTOR TECNICO
A56: CERTIFICACIONES DE CALIDAD OBTENIDA EN OTROS PROYECTOS DE OBRA SIMILARES CARACTERISTICAS (30 PUNTOS)
A58: La entidad solicita certificación en el que conste que el contratista durante la ejecución del contrato cumplió con todas las especificaciones técnicas y las actividades relacionadas dentro del objeto y alcance contractual para su ejecución, para el cual se tendrán en cuenta en la evaluación y asignación de puntaje, de acuerdo a la información de DOS (2) CONTRATOS DE OBRAS CIVILES donde su objeto esté relacionado con EDIFICACIONES PÚBLICAS ESPECIALIZADAS, y cumpla los siguientes requisitos:
F60: PRESUPUESTO OFICIAL: | K60: =+'HP1'!$H$19 -> 3362026089 | O60: =+'HP1'!#REF! -> #REF! | Q60: S.M.M.L.V.
A62: ENTIDAD CONTRATANTE | F62: Nombre o razón social de la entidad que certifica, dirección, teléfono, nombre de la persona que expide la certificación
A63: VALOR ACTUALIZADO DEL CONTRATO AL AÑO 2025 | F63: Que la sumatoria de los contratos en valor presente sea igual o superior al Presupuesto Oficial, expresado en SMMLV, correspondiente a 1.367,71 SMMLV.
F64: Y el valor actualizado de uno de los contratos presentados para las CERTIFICACIONES DE CALIDAD OBTENIDA EN OTROS PROYECTOS DE OBRA SIMILARES CARACTERISTICAS debe ser igual o mayor al OCHENTA POR CIENTO (80%) del presupuesto oficial expresado en SMMLV (1.094,17 SMMLV). (2,5 PUNTOS).
A65: OBJETO | F65: Que se haya ejecutado con una ENTIDAD PÚBLICA. Que, con las CERTIFICACIONES DE CALIDAD OBTENIDA EN OTROS PROYECTOS DE OBRA SIMILARES CARACTERISTICA suministradas, el proponente deberá demostrar mediante acta de entrega y recibo definitiva, haberse ejecutado las siguientes cantidades de obra:
F66: ITEM | G66: ACTIVIDAD | M66: UND | N66: CANTIDAD SOLICITADA | P66: (1) CONTRATO DEBE CUMPLIR CON 75% ITEMS | T66: (2) CONTRATO DEBE CUMPLIR CON 25% ITEMS
F67: 1 | G67: DESMONTE CUBIERTA Y/O TEJA | M67: M2 | N67: 50 | P67: 10 PUNTOS | T67: 5 PUNTOS
F68: 2 | G68: PUESTA A TIERRA | M68: UND | N68: 1
F69: 3 | G69: TABLERO ELECTRICO | M69: UND | N69: 1
F70: 4 | G70: CUBIERTA EN LAMINA Y/O TEJA | M70: M2 | N70: 52
A71: CLASIFICACIÓN: | F71: Los contratos objeto de calificación deberán estar clasificado en el RUP en el código de Clasificador de bienes y servicios a 3 nivel, establecidos por la entidad para el presente proceso de selección, a saber: Código UNSPSC 721214. (2,5 PUNTOS)
A72: ALCANCE | F72: Que, en uno de los contratos o en la sumatoria de los contratos presentados, se haya ejecutado la actividad de cielo raso en área mínima de 250,00 m2. (10 PUNTOS).
A75: VERIFICACIÓN CONTRATOS CON OBJETO EN EDIFICACIONES PÚBLICAS ESPECIALIZADAS
A77: No. | B77: OBJETO | E77: CODIGO UNSPSC | F77: VERIFICACIÓN RUP | H77: VALOR | L77: CONTRATO No. | O77: CONTRATANTE | R77: VP CONTRATO ACTUALIZADO SMMLV | U77: VERIFICACIÓN
F78: CONSECUTIVO RUP | G78: FOLIO | L78: No. | N78: AÑO DE TERMINACIÓN
A79: 1. | B79: CONSTRUCCION ACOMETIDA Y SUBESTACION ELECTRICA DE MEDIA TENSION PARA CAMBIO DE MEDIDA A 34,2 KVA SEDE COLSAG (INCEL, PART. 100%) | E79: 721214 | F79: CONSEC. 59 | G79: RUP INCEL FOLIO RUP 65 | H79: 899583179 | L79: 19 DE 2015 ACTA INICIO 19MAY2015 TERMINACION 23DIC2015 | N79: 2015 | O79: UFPS | R79: =+H79/((VLOOKUP(N79,SMMLV!A:B,2,FALSE))) -> 1396.1095 | U79: Contrato, recibo final, certificado
A80: 2. | B80: ADECUACION DE LAS INSTALACIONES ELECTRICAS EN EL INSTITUTO TECNICO MARIA INMACULADA SEDE PRINCIPAL MUNICIPIO DE VILLA DEL ROSARIO Y LA INSTITUCION EDUCATIVA ANDRES BELLO SEDE PRINCIPAL MUNICIPIO DE BOCHALEMA (INCEL, PART. 80%, ASTRID, PART. 20% - SOCIA ISNAF CON 50%) | E80: 721214 | F80: CONSEC. 08 | G80: RUP ISNAF FOLIO RUP 17 | H80: 635843293 | L80: SAMC-SED-01842-2024 ACTA INICIO 23SEP2024 TERMINACION 30ENE2025 | N80: 2025 | O80: SEC EDUCACION, GOBERNACION NORTE DE SANTANDER | R80: =+H80/((VLOOKUP(N80,SMMLV!A:B,2,FALSE))) -> 446.676 | U80: Contrato, recibo final, liquidacion, conformacion ut
A81: SUMATORIA CONTRATOS VALIDADOS | R81: =+SUM(R79:T80) -> 1842.7855 | U81: SMMLV
A83: ∑ MAYOR AL 100%PO (SMMLV) | H83: =+'HP1'!#REF! -> #REF! | K83: SUMATORIA DE DOS (2) CONTRATOS (SMMLV) = | U83: =+R81 -> 1842.7855
A84: 1 CONTRATO MAYOR AL 80%PO (SMMLV) | H84: =+'HP1'!H46 -> 0 | K84: VALOR DE UNO (1) DE LOS CONTRATOS (SMMLV) = | U84: =+R79 -> 1396.1095
A86: VERIFICACIÓN CANTIDADES DE OBRA
A88: CODICIONES DE LOS PLIEGOS DEFINITIVOS | G88: VERIFICACIÓN
G89: CONDICIONES VERIFICADAS SEGÚN ACTA FINAL DEL CONTRATO No. 19 DE 2015 | O89: CONDICIONES VERIFICADAS SEGÚN ACTA FINAL DEL COP No. SAMC-SED-01842-2024 | V89: OBS
A90: ITEM | E90: UND | F90: CANT | G90: ITEM | M90: UND | N90: CANT | O90: ITEM | S90: UND | U90: CANT
A91: =+G67 -> DESMONTE CUBIERTA Y/O TEJA | E91: =+M67 -> M2 | F91: =+N67 -> 50 | O91: 4.1 DESMONTE ETERNIT | S91: M2 | U91: 252 | V91: CUMPLE
A92: =+G68 -> PUESTA A TIERRA | E92: =+M68 -> UND | F92: =+N68 -> 1 | G92: 1.6 SISTEMA A TIERRA | M92: UND | N92: 1 | V92: CUMPLE
A93: =+G69 -> TABLERO ELECTRICO | E93: =+M69 -> UND | F93: =+N69 -> 1 | O93: 2.8 - 2.9 | S93: UND | U93: 4 | V93: CUMPLE
A94: =+G70 -> CUBIERTA EN LAMINA Y/O TEJA | E94: =+M70 -> M2 | F94: =+N70 -> 52 | O94: 5.1 CUBIERTA ETERNIT CON ESTR | S94: M2 | U94: 254 | V94: CUMPLE
A96: VERIFICACIÓN ALCANCE
A98: ALCANCE: EL CONTRATO No.00750 DE 2015 MEDIANTE CERTIFICACIÓN REFLEJA LA EJECUCIÓN DE ÍTEM 2.3 CONCRETO PARA PISO E=0,10M EN ÁREA INTERVENIDA DE MAS DE 22,98 M2, VERIFICADOS COMO SE INDICA A CONTINUACIÓN:
A100: CODICION DE PLIEGOS DEFINITIVOS | G100: =+G89 -> CONDICIONES VERIFICADAS SEGÚN ACTA FINAL DEL CONTRATO No. 19 DE 2015 | O100: =+O89 -> CONDICIONES VERIFICADAS SEGÚN ACTA FINAL DEL COP No. SAMC-SED-01842-2024 | V100: =+V89 -> OBS
A102: ITEM | G102: ITEM | M102: UND | N102: CANT | O102: ITEM | S102: UND | U102: CANT
A103: Que, en uno de los contratos o en la sumatoria de los contratos presentados, se haya ejecutado la actividad de cielo raso en área mínima de 250,00 m2. (10 PUNTOS). | O103: 5.2 CIELO RASO | S103: M2 | U103: 516 | V103: CUMPLE
A105: Para la experiencia requerida en el CAPITULO B. FACTOR TECNICO, el proponente presentó dos (2) contratos: No. 19 DE 2015 y SAMC-SED-01842-2024, los cuales estan relacionados con EDIFICACIONES PÚBLICAS ESPECIALIZADAS, ejecutados con entidad pública, registrados en el RUP y clasificados en los códigos 721214, la sumatoria del valor ejecutado de los contratos es mayor al valor del 100% del presupuesto oficial, y uno de ellos tiene un valor ejecutado mayor al 80% del presupuesto oficial. Y en la sumatoria de los contratos se cumple el alcance requerido. Por tanto, el oferente CUMPLE con la totalidad de los requisitos establecidos en el pliego de condiciones para la experiencia exigida.
A107: CRITERIO | M107: PUNTAJE PLIEGO | Q107: PUNTAJE ASIGNADO
A108: CERTIFICACIONES DE CALIDAD OBTENIDA EN OTROS PROYECTOS DE OBRA SIMILARES CARACTERISTICAS | M108: =+M16 -> 30 | Q108: 30
A111: C. FACTOR CUMPLIMIENTO CONTRATOS ANTERIORES
A113: Se asignarán máximo CINCO (5) PUNTOS al proponente que, por la efectiva prestación del servicio en contratos anteriores, no haya obtenido multas, sanciones o incumplimientos.
A115: No DE MULTAS, SANCIONES O INCUMPLIMIENTOS | G115: VERIFICACIÓN | P115: PUNTAJE PLIEGO | S115: PUNTAJE ASIGNADO
A116: 0 | G116: PRESENTA SOPORTE DE CONSULTA EN EL QUE NINGUNO DE LOS INTEGRANTES REPORTA MULTAS, O OBRAS INCONCLUSAS | P116: 5
A120: D. CERTIFICACION DE CONTRATOS TERMINADOS OPORTUNAMENTE ADICIONALES
A122: Corresponde también a criterios usados para conocer el desempeño del contratista en obras anteriores. La entidad debe determinar la convivencia de establecer como requisito para la certificación haber terminado la obra antes de tiempo o en el tiempo acordado
A124: Se asignará el máximo puntaje de (14,75) PUNTOS a los proponentes que acrediten experticia adicional al mínimo exigido de conformidad con los parámetros establecidos a continuación Se acreditará con las certificaciones correspondientes, que deberán cumplir con la ejecución de CINCO (5) contratos de obra de entidades públicas, adicionales a los presentados para acreditar REQUISITOS HABILITANTES EXPERIENCIA GENERAL y numeral VI. EVALUACIÓN DE LA OFERTA inciso 7.2.1. CERTIFICACIONES DE CALIDAD OBTENIDA EN OTROS PROYECTOS DE OBRA SIMILARES CARACTERISTICAS, de acuerdo a las condiciones de la siguiente tabla:
A126: PRESUPUESTO OFICIAL | R126: =+K60 -> 3362026089
R128: PUNTAJE
A129: Si certifica la ejecución de CINCO (5) CONTRATOS de obras civiles en entidades públicas y ellos tengan objeto relacionado con CONSTRUCCIÓN Y/O ADECUACIÓN Y/O MANTENIMIENTO DE EDIFICACIONES PÚBLICAS ESPECIALIZADAS, cuya sumatoria de como resultado un valor total igual o superior al SETENTA Y CINCO POR CIENTO (75%) del valor del Presupuesto Oficial del presente proceso de contratación y hayan sido terminados. | R129: 14.75 | T129: =+R126*0.75 -> 2.5215196e+09
A130: Si certifica la ejecución de TRES (3) CONTRATOS de obras civiles en entidades públicas y ellos tengan objeto relacionado con CONSTRUCCIÓN Y/O ADECUACIÓN Y/O MANTENIMIENTO DE EDIFICACIONES PÚBLICAS ESPECIALIZADAS, cuya sumatoria de como resultado un valor total igual o superior al CINCUENTA (50%) del valor del Presupuesto Oficial del presente proceso de contratación y hayan sido terminados. | R130: 5 | T130: =+R126*0.5 -> 1.681013e+09
A131: Si certifica la ejecución de DOS (2) CONTRATOS de obras civiles en entidades públicas y ellos tengan objeto relacionado con CONSTRUCCIÓN Y/O ADECUACIÓN Y/O MANTENIMIENTO DE EDIFICACIONES PÚBLICAS ESPECIALIZADAS, cuya sumatoria de como resultado un valor total igual o superior al VEINTE (20%) del valor del Presupuesto Oficial del presente proceso de contratación y hayan sido terminados. | R131: 2.5 | T131: =+R126*0.2 -> 6.7240522e+08
A133: VERIFICACIÓN CONTRATOS TERMINADOS OPORTUNAMENTE: CONSTRUCCIÓN Y/O ADECUACIÓN Y/O MANTENIMIENTO DE EDIFICACIONES PÚBLICAS ESPECIALIZADAS
A135: 1. | B135: OBJETO: | F135: CONSTRUCCION DEL CABLEADO ESTRUCTURADO Y ELECTRO REGULADO PARA EL CUARTO PISO DE LOS EDIFICIOS AULAS SUR BLOQUE D, E Y F DE LA UFPS (INCEL PART 100%) | Q135: CERTIFICACION
B136: CONTRATO No. | F136: VALOR | J136: CONTRATANTE | N136: INICIO TERMINACIÓN | Q136: AÑO TERMINACIÓN | T136: VP CONTRATO ACTUALIZADO SMMLV
B137: No. | D137: AÑO
B138: 33 | D138: 2015 | F138: 595944846 | J138: UFPS | N138: 02/07/2015 25/11/2015 | Q138: 2015 | T138: =F138/((VLOOKUP(Q138,[3]SMMLV!A:B,2,FALSE))) -> 924.87754
A140: 2. | B140: OBJETO: | F140: CONSTRUCCION DE LOS ANDENES EXTERIORES, CERRAMIENTO PERIMETRAL COLINDANTE CON CANCHA DE FUTBOL CARPINTERIA METALICA Y VIDRIO EN EL EDIFICIO DE AULAS ORIENTE DE LA UNIVERSIDAD FRANCISCO DE PAULA SANTANDER (INCEL PART 100%) | Q140: CERTIFICACION
B141: CONTRATO No. | F141: VALOR | J141: CONTRATANTE | N141: INICIO TERMINACIÓN | Q141: AÑO TERMINACIÓN | T141: VP CONTRATO ACTUALIZADO SMMLV
B142: No. | D142: AÑO
B143: 2 | D143: 2023 | F143: 1746030732 | J143: UFPS | N143: 14/06/2023 07/12/2023 | Q143: 2023 | T143: =F143/((VLOOKUP(Q143,[3]SMMLV!A:B,2,FALSE))) -> 1505.1989
A145: 3. | B145: OBJETO: | F145: CONSTRUCCIÓN MAMPOSTERIA PISOS INSTALACIONES HIDROSANITARIAS Y ELECTRICAS DEL EDIFICIO AULAS ORIENTE DE LA UFPS (INCEL PART 100%) | Q145: CERTIFICACION
...

Sheet prof
A2: DIRECTOR
A3: palustre | B3: residente | C3: 41485 | D3: 42369 | F3: no valida, no es director
A4: idc | B4: director | C4: 43988 | D4: 46062 | E4: 5años, 8m, 4d
A5: codimo | B5: supervisora | C5: 42374 | D5: 43465 | F5: no valida, no es director
A9: RESIDENTE
A10: U nacional | B10: director interv | F10: no valida, no es residente obra
A11: construjardin | B11: director interv | F11: no valida, no es residente obra
A12: consorcio tunal | B12: director proy | F12: no valida, no es residente obra
A13: min defensa | B13: director interv | F13: no valida, no es residente obra
A14: ut herran | B14: residente obra | C14: 43766 | D14: 43897 | E14: 4m, 10d
A15: ut parque colon | B15: residente obra | C15: 43598 | D15: 43764 | E15: 5m, 14d
A16: ut vias claret | B16: residente obra | C16: 43252 | D16: 43454 | E16: 6m, 20d
A17: angelica patiño | B17: residente interv | F17: no valida, no es residente obra
A18: gerardo | B18: director proy | F18: no valida, no es residente obra
A19: ut pav 2016 | B19: interv obra | F19: no valida, no es residente obra
A20: municipio cucutilla | B20: interventor | F20: no valida, no es residente obra
A21: municipio cucutilla | B21: interventor | F21: no valida, no es residente obra
A22: consorcio msd | B22: residente interv | F22: no valida, no es residente obra
A23: ut asturias | B23: residente obra | C23: 42036 | D23: 42124 | E23: 3m
A24: copavicol | B24: residente obra | C24: 41708 | D24: 41804 | E24: 3m, 4d
A25: ut | B25: residente obra | C25: 41501 | D25: 41685 | E25: 6m, 1d
A26: carlos cardenas | B26: residente interv | F26: no valida, no es residente obra
A27: vivitar | B27: residente obra | C27: 40969 | D27: 41258 | E27: 4m, 15d
A28: JC nieto | B28: residente obra | C28: 40816 | D28: 40967 | E28: 5m
C29: 40724 | D29: 40785 | E29: 2m
A30: NTN | B30: residente interv | F30: no valida, no es residente obra
A31: maritza | B31: residente obra | C31: 40424 | D31: 40485 | E31: 2m
A32: maritza | B32: residente obra | C32: 40162 | D32: 40215 | E32: 1m, 22d
C33: 40240 | D33: 40298 | E33: 1m, 28d
A34: maritza | B34: residente obra | C34: 40071 | D34: 40162 | E34: 3m
A35: alix | B35: intervntoria | F35: no valida, no es residente obra
A36: JC nieto | B36: residente obra | C36: 39811 | D36: 39965 | E36: 5m, 3d
A37: incimel | B37: residente obra | C37: 39722 | D37: 39797 | E37: 2m, 15d
A38: alonso | B38: residente obra | C38: 39533 | D38: 39619 | E38: 2m, 25d
A39: ingecon | B39: inspector interv | F39: no valida, no es residente obra
C40: =4+5+6+3+3+6+4+5+2+2+1+1+3+5+2+2+(5) -> 59 | D40: =10+14+20+4+1+15+22+28+3+15+25 -> 157
C41: =+C40/12 -> 4.9166667 | D41: =+D40/30 -> 5.2333333
C42: =4*12 -> 48
A45: SST
A46: SINCOC | B46: coord sst | C46: 44625 | D46: 45015 | E46: 12m, 26d
A47: ut corazon barrios | B47: coord sst | C47: 44967 | D47: 45168 | E47: 5m | F47: contabiliza desde 1abr
A48: construcol | B48: coord sst | C48: 45144 | D48: 45260 | E48: 3m | F48: contabiliza desde 1sep
A49: idc | B49: coord sst | C49: 45353 | D49: 46056 | E49: 12m, 11m,, 2d
C51: =12+5+3+12+11 -> 43 | D51: =26+2 -> 28
C52: =+C51/12 -> 3.5833333
C54: =3*12 -> 36
A56: ALAMCENISTA
A57: idc | B57: almacenista | C57: 45295 | D57: 46028 | E57: 24m

Sheet HP2
A1: VERIFICACIÓN DE REQUISITOS HABILITANTES | L1: LP-SEG-03746-2025
A2: MEJORAMIENTO Y FORTALECIMIENTO INTEGRAL DEL ÁREA DE ALMACÉN DE LA GOBERNACIÓN DE NORTE DE SANTANDER
A3: =+A7 -> PROPONENTE 2 | H3: =+A8 -> CONSTRUCCIONES MONTAJES Y PARTES ELECTRICAS SAS
A5: San José de Cúcuta, 23 de febrero de 2026
A7: PROPONENTE 2 | M7: NIT | P7: REPRESENTANTE LEGAL
A8: CONSTRUCCIONES MONTAJES Y PARTES ELECTRICAS SAS | M8: 900320303-4 | P8: MARISELA BERNAL AGUIRRE C.C. 52.959.207 de Bogotá DC
A10: INFORMACION GENERAL
A12: FECHA DE CIERRE DEL PPRESENTE PROCESO | Q12: 16 DE FEBRERO DE 2026
A13: PLAZO DE EJECUCIÓN | Q13: 7 MESES
A15: 100% PTO OFICIAL | H15: 3362026089 | L15: SMMLV 2026 | S15: =+H15/SMMLV!B21 -> 1920.1648
A17: IX. JUSTIFICACIÓN DE LOS FACTORES DE SELECCIÓN QUE PERMITAN IDENTIFICAR LA OFERTA MÁS FAVORABLE:
A19: 9.1. Criterios Técnicos Habilitantes Documentos y Requisitos de Contenido Mínimo Técnico.
A21: A. Experiencia
A23: Para acreditar esta experiencia, cada proponente deberá presentar la relación de contratos ya ejecutados de la siguiente manera: UN (01) contrato terminado en el que el ejecutor demuestre con certificación y/o acta de liquidación, expedida por entidad pública o privada que ha ejecutado actividades de obra, y cuya sumatoria sea igual o superior al cien por ciento (100%) del presupuesto oficial estimado para el presente proceso de contratación.
A25: El proponente deberá indicar el consecutivo del contrato que presenta como experiencia resaltando en su RUP con color fluorescente cada uno de los códigos a acreditar, que deberán corresponder a los señalados en la siguiente tabla:
A27: Códigos estándar de productos y servicios de Naciones Unidas
A28: CODIGO UNSPSC | H28: DESCRIPCION
A29: 72103300 | H29: Servicios de mantenimiento y reparación de infraestructura
A30: 72121400 | H30: Servicios de construcción de edificios públicos especializados
A31: 72101500 | H31: Servicios de apoyo para la construcción
A33: VERIFICACIÓN CONTRATOS EN OBRAS CIVILES
A35: El oferente presenta los siguientes contratos para acreditar la experiencia general:
A37: PROPONENTE | D37: OBJETO | H37: VALOR | K37: CONTRATO No. | N37: CONTRATANTE | Q37: PARTICIP. | S37: CONSECUTIVO RUP | U37: VP CONTRATO ACTUALIZADO SMMLV
K38: No. | L38: AÑO DE TERMINACIÓN | W38: 3115616364 | X38: CERTIFICADO
A39: CONSTRUCCIONES MONTAJES Y PARTES ELECTRICAS SAS Aporta: Certificación en la que describe la ejecución de actividades | D39: MANO DE OBRA CIVIL, INCLUYE EXC, RELLENOS, CIMENT, CERRAM, OBRA ELÉCTRICA, TRAMITES, MONTAJE, Y ACTIVIDADES COMPLEMENTARIAS PARA RADIOBASES DE TELECOMUNICACIO NES. | H39: =+W39 -> 1673992541 | K39: NO ESPECIFICA ACTA INICIO 10FEB2022 TERMINACION 14DIC2022 | L39: 2022 | N39: GOLDEN OPERACIONES SAS | Q39: 1 | S39: CONSEC. 35 RUP CONSMOELEC FOLIO RUP 59 CODIGO 721033 721015 | U39: =+H39*Q39/((VLOOKUP(L39,SMMLV!A:B,2,FALSE))) -> 1673.9925 | W39: =+'rev certificacion'!B58 -> 1673992541 | X39: =+W39/SMMLV!B17 -> 1673.9925
A40: VALOR VALIDADO DE LA CERTIFICACIÓN APORTADA (SMMLV) | U40: =+U39 -> 1673.9925
A42: VALOR EJECUTADO, MAYOR O IGUAL AL 100% P.O. (según numeral 9.1) | S42: 1.673,99 > | U42: =+S15 -> 1920.1648
A44: Para la experiencia requerida en el numeral 9.1 del capitulo IX. JUSTIFICACIÓN DE LOS FACTORES DE SELECCIÓN QUE PERMITAN IDENTIFICAR LA OFERTA MÁS FAVORABLE, el proponente presentó una certificación en la que se describe la ejecución de actividades y no de un contrato, de lo cual discrimina las actividades ejecutadas y para lo cual solo se tuvo en cuenta las actividades de obra. En la certificación se acredita haber ejecutado actividades con entidad privada, la ejecución esta registrada en el RUP y clasificado solo con los códigos 721033, 721015, el valor validado es menor al 100% del presupuesto oficial. Por tanto, una vez vertificados los documentos, el oferente NO CUMPLE con la totalidad de los requisitos establecidos en el pliego de condiciones para la experiencia requerida.
A46: C5. Capacidad Residual
A48: El Proponente debe acreditar una capacidad residual o K de Contratación igual o superior a: | Q48: =+H15 -> 3362026089
A50: Para su cálculo, el evaluador se basó en la siguiente información, de acuerdo a lo aportado por el oferente:
A52: PROPONENTE | J52: =+A8 -> CONSTRUCCIONES MONTAJES Y PARTES ELECTRICAS SAS
A53: 1. SCE. LISTA DE CONTRATOS EN EJECUCIÓN. | J53: NO ADJUNTA FORMATO que relacione si tiene o no contratos en ejecución.
A54: 2. CAPACIDAD DE ORGANIZACIÓN. ESTADO DE RESULTADOS Y BALANCE GENERAL DEL MEJOR INGRESO OPERACIONAL DE LOS ULTIMOS 5 AÑOS. | J54: NO ADJUNTA FORMATO ni presentó estado de resultados auditado que contenga el mejor ingreso operacional de los últimos cinco (5) años, el balance general auditado del último año, documentos del contador y/o revisor fiscal. (cedula, tarjeta profesional, certificado vigente).
A55: 3. EXPERIENCIA. VALOR TOTAL DE LOS CONTRATOS INSCRITOS EN EL RUP EN EL SEGMENTO 72. | J55: NO ADJUNTA FORMATO en el que relacione contratos ejecutados e inscritos en el RUP con el Segmento 72, indicando consecutivo según RUP, SMMLV, % participación, valor ejecutado actualizado a 2026.
A56: 4. CAPACIDAD TÉCNICA. FORMATO EN EL QUE INDIQUE NUMERO DE SOCIOS O PROFESIONALES DE ARQUITECTURA, INGENIERÍA Y GEOLOGÍA VINCULADOS. | J56: NO ADJUNTA FORMATO que relacione los profesionales vinculados.
A57: 5. CAPACIDAD FINANCIERA. INDICE DE LIQUIDEZ. | J57: 3.05
A59: El oferente no aportó formatos para el registro de la información en el aplicativo de cálculo de capacidad residual de Colombia Compra Eficiente. Por tanto, el oferente NO CUMPLE con la totalidad de los requisitos establecidos para el cálculo de la capacidad residual, y debe subsanar la información de acuerdo a lo establecido en el pliego de condiciones electronico y formatos del proceso.
A61: VERIFICACIÓN
A65: D. Condiciones técnicas mínimas
A67: D1 Personal Profesional Mínimo Requerido
A69: Cada uno de los proponentes deberá adjuntar un documento debidamente firmado en original, en el cual manifiesta que suministrará el siguiente personal para el cumplimiento de las obligaciones, de la ejecución del objeto y del alcance del objeto contractual, con dicho documento adjuntará las hojas de vida correspondientes de acuerdo a cada uno de los perfiles descritos.
A71: El oferente presentó soportes para el siguiente equipo de trabajo minimo requerido, sin embargo debe allegar documento suscrito en el que manifieste que suministrará el personal relacionado para el cumplimiento de las obligaciones, de la ejecución del objeto y del alcance del objeto contractual.
A73: CARGO A DESEMPEÑAR | J73: POSTULADO | L73: PROFESIONAL | T73: VERIFICACIÓN
J74: SI | K74: NO
A75: Director de obra | K75: X | T75: NO CUMPLE
A76: Residente de obra | K76: X | T76: NO CUMPLE
A77: Coordinador SST y plan de manejo ambiental | K77: X | T77: NO CUMPLE
A78: Almacenista | K78: X | T78: NO CUMPLE
A80: INFORMACIÓN APORTADA POR EL OFERENTE:
A82: Cargo | D82: Formación Académica: | H82: Experiencia General: | L82: Experiencia Específica: | Q82: % Dedicación | T82: VERIFICACIÓN
A83: Director de obra | D83: Ingeniería civil (Especialista en gerencia de proyectos) | H83: No menor a diez (10) años contados entre la fecha de expedición de la matrícula profesional y la fecha de cierre del plazo del presente proceso de selección. | L83: Siete (07) años de experiencia ejerciendo como DIRECTORA de proyectos de obra. | Q83: 0.5 | T83: EL OFERENTE NO POSTULÓ PROFESIONAL
A84: Residente de obra | D84: Ingeniería civil (Especialista en gerencia de proyectos) | H84: No menor a diez (10) años contados entre la fecha de expedición de la matrícula profesional y la fecha de cierre del plazo del presente proceso de selección. | L84: Cuatro (04) años de experiencia ejerciendo como RESIDENTE de proyectos de obra. | Q84: 1 | T84: EL OFERENTE NO POSTULÓ PROFESIONAL
A85: Coordinador SST y plan de manejo ambiental | D85: Ingeniero ambiental (Especialista en gestión de la seguridad y salud en el trabajo) | H85: No menor de cinco (5) años contados entre la fecha de expedición de la matrícula profesional y la fecha de cierre del plazo del presente proceso de selección. | L85: Tres (03) años ejerciendo como Coordinador de Seguridad y salud en el trabajo y plan de manejo ambiental. | Q85: 1 | T85: EL OFERENTE NO POSTULÓ PROFESIONAL
A86: Almacenista | D86: Tecnologo en obras civiles | H86: No menor de cuatro (4) años contados entre la fecha de expedición de la matricula profesional y la fecha de cierre del plazo del presente proceso de selección. | L86: Dos (02) años ejerciendo como almacenista en proyectos de obra. | Q86: 1 | T86: EL OFERENTE NO POSTULÓ PROFESIONAL
A88: El oferente no postuló el equipo de trabajo mínimo requerido y no aportó documentos soportes de profesionales. Por tanto, el oferente NO CUMPLE con la totalidad de los requisitos establecidos.
A91: FINALMENTE, COMO RESULTADO DE LA VERIFICACIÓN DE LOS REQUISITOS HABILITANTES PARA EL COMPONENTE TÉCNICO, SE CONCLUYE QUE EL OFERENTE CONSTRUCCIONES MONTAJES Y PARTES ELECTRICAS SAS ES INHABILITADO.
A99: LUIS ALBERTO GOMEZ ANGULO
A100: PROFESIONAL ESPECIALIZADO, GRADO 13
A102: PROYECTÓ: ING. NEFFY GELVEZ ROJAS - PROFESIONAL CONTRATADA
N110: 122331152 | O110: 45775 | P110: 4 | Q110: NO | R110: 1 | S110: NO
N111: 39846201081 | O111: 45705 | P111: 7 | Q111: SI | R111: 0.1 | S111: NO
N112: 2193374137 | O112: 45768 | P112: 4 | Q112: SI | R112: 0.1 | S112: NO
N113: 79923513 | O113: 45813 | P113: 2 | Q113: NO | R113: 1 | S113: NO
N114: 385678552 | O114: 45799 | P114: 3 | Q114: NO | R114: 1 | S114: NO

Sheet rev certificacion
A1: item | B1: valor
A2: 3 | B2: 18398281
A3: 4 | B3: 29060215
A4: 7 | B4: 14045149
A5: 9 | B5: 16569927
A6: 12 | B6: 3303151
A7: 13 | B7: 86710047
A8: 14 | B8: 12700973
A9: 15 | B9: 2776064
A10: 16 | B10: 97321195
A11: 17 | B11: 36796561
A12: 18 | B12: 43313168
A13: 19 | B13: 43313168
... A56: 80 | B56: 47736274
B58: =SUM(B2:B57) -> 1673992541
